 Dungeon Crawl Stone Soup version 0.26-a0-707-g31817bcca1 (webtiles) character file.

Game seed: 15288276768443122196

209 karrick the Skirmisher (level 5, -2/43 HPs)
             Began as a Demonspawn Abyssal Knight on Oct 27, 2020.
             Was a Believer of Lugonu.
             Slain by an ogre
             ... wielding a cursed -2 giant club
              (12 damage)
             ... on level 5 of the Dungeon.
             The game lasted 00:10:13 (3070 turns).

karrick the Skirmisher (Demonspawn Abyssal Knight)  Turns: 3070, Time: 00:10:14

Health: -2/43      AC:  5    Str: 14    XL:     5   Next: 55%
Magic:  0/16       EV: 12    Int: 13    God:    Lugonu [**....]
Gold:   497        SH:  0    Dex: 12    Spells: 4/4 levels left

rFire    + . .     SeeInvis .   a - +2 hand axe
rCold    . . .     Faith    +   (no shield)
rNeg     . . .     Spirit   +   b - +0 leather armour
rPois    +         Reflect  .   (no helmet)
rElec    .         Harm     .   n - scarf {+Inv}
rCorr    .         Rampage  .   f - +0 pair of gloves
MR       .....                  (no boots)
Stlth    +.........             p - amulet of faith
HPRegen  0.14/turn              d - ring of poison resistance (curse)
MPRegen  0.15/turn              j - ring of magical power

@: no status effects
A: rugged brown scales 1, fire resistance 1, magic shield
a: Depart the Abyss, Bend Space, Renounce Religion, Evoke Invisibility


You were on level 5 of the Dungeon.
You worshipped Lugonu.
Lugonu was pleased with you.
You visited 1 branch of the dungeon, and saw 5 of its levels.
You visited the Abyss 1 time.

You collected 497 gold pieces.

Inventory:

Hand Weapons
 a - a +2 hand axe (weapon)
Armour
 b - a +0 leather armour (worn)
 f - a +0 pair of gloves (worn)
 n - a scarf of invisibility (worn)
 q - a +2 pair of boots
Jewellery
 d - a cursed ring of poison resistance (left hand)
 h - an uncursed ring of wizardry
 j - a ring of magical power (right hand)
 p - an amulet of faith (around neck)
Scrolls
 c - a scroll of remove curse
 i - a scroll of noise
Potions
 e - 4 potions of curing {unknown}
 g - 2 potions of flight {unknown}
 k - 2 potions of stabbing {unknown}
 l - a potion of might {unknown}
 m - a potion of cancellation {unknown}
 o - a potion of heal wounds {unknown}


   Skills:
 + Level 3.8 Fighting
 + Level 3.7 Axes
 + Level 2.3 Armour
 + Level 1.9 Dodging
 * Level 3.1 Invocations
 + Level 0.7 Evocations


You had 4 spell levels left.
You didn't know any spells.
Your spell library was empty.

Dungeon Overview and Level Annotations

Branches:
Dungeon (5/15)             Temple (0/1) D:5

Altars:


Innate Abilities, Weirdness & Mutations

You are partially covered in rugged brown scales. (AC +1, +3% HP)
Your flesh is heat resistant. (rF+)
When hurt, damage is shared between your health and your magic reserves.


Message History

The giant cockroach is severely wounded.
The giant cockroach completely misses you.
The giant cockroach closely misses you.
You hit the giant cockroach.
You kill the giant cockroach!
Lugonu accepts your kill.
You see here a giant cockroach corpse.
An ogre comes into view. It is wielding a -2 giant club.
The ogre hits you with a cursed -2 giant club!
You slash the ogre!
The ogre is moderately wounded.
The ogre barely misses you.
You slash the ogre!
The ogre is heavily wounded.
The ogre hits you with a cursed -2 giant club!!
* * * LOW HITPOINT WARNING * * *
You hit the ogre.
The ogre is severely wounded.
The ogre hits you with a cursed -2 giant club!
You die...

##### ##### #... ...#
#######.### ##.##
#.........####...#####
#..@..†.............
#(O##.#.####...#####
#.. #.#.# ##.## ##.
.... ..#.# #.####..
#.#..####.. ........
#..... ... ##.##....
....... ..## #$..#...
## ##.. ### #.......
#...###.


You could see an ogre.

Vanquished Creatures
  A hound (D:4)
  An orc priest (D:3)
  A worker ant (D:4)
  3 gnolls (D:4)
  3 adders
  An adder skeleton (D:4)
  A worm (D:4)
  A dart slug (D:1)
  3 leopard geckos
  2 orcs
  2 ball pythons
  6 bats
  5 giant cockroaches
  6 goblins
  A hobgoblin (D:1)
  7 jackals
  A quokka (D:2)
  3 frilled lizards
  3 kobolds (D:1)
  6 rats
57 creatures vanquished.

Vanquished Creatures (others)
  3 plants (D:2)
3 creatures vanquished.

Grand Total: 60 creatures vanquished

Notes
Turn   | Place    | Note
-------+----------+-------------------------------------------
     0 | Abyss:1  | karrick the Demonspawn Abyssal Knight began the quest for
                  | the Orb.
     0 | Abyss:1  | Reached XP level 1. HP: 18/18 MP: 2/2
     8 | D:1      | Escaped the Abyss
   164 | D:1      | Gained mutation: You are partially covered in rugged brown
                  | scales. (AC +1, +3% HP) [demonic ancestry]
   164 | D:1      | Reached XP level 2. HP: 16/24 MP: 3/3
   689 | D:1      | Reached skill level 1 in Dodging
  1026 | D:2      | Reached ** piety under Lugonu
  1026 | D:2      | Gained mutation: Your flesh is heat resistant. (rF+)
                  | [demonic ancestry]
  1026 | D:2      | Reached XP level 3. HP: 29/29 MP: 5/5
  1313 | D:3      | Reached XP level 4. HP: 24/38 MP: 6/6
  2452 | D:4      | Gained mutation: When hurt, damage is shared between your
                  | health and your magic reserves. [demonic ancestry]
  2452 | D:4      | Reached XP level 5. HP: 39/43 MP: 7/7
  2736 | D:5      | Entered Level 5 of the Dungeon
  2745 | D:5      | Found a staircase to the Ecumenical Temple.
  2747 | D:5      | Noticed a yak
  2747 | D:5      | Noticed a yak
  2747 | D:5      | Noticed a yak
  2778 | D:5      | Noticed a yak
  3066 | D:5      | Noticed an ogre
  3070 | D:5      | Slain by an ogre

Illustrated notes

Levels and vault maps discovered:
D:1:      lemuel_arrival_river_ford, layout_loops_cross, minmay_pentomino_o2
D:2:      layout_loops_cross, minmay_crystal_room, serial_bayou_pond_b,
          minmay_statues_item
D:3:      layout_basic, kennysheep_decorative_pillar, eino_tiny_chamber,
          kennysheep_jessica_study
D:4:      minmay_polygon_palace, layout_loops_ring
D:5:      layout_loops_ring, minmay_temple_entry_stoned_glass,
          portal_sewer_entry_d

Skill      XL: |  1  2  3  4  5 |
---------------+----------------+-----
Axes           | 2 3 |  3.7
Armour         | 2 |  2.3
Dodging        | 1 |  1.9
Invocations    | 3 |  3.1
Fighting       | |  3.8
Evocations     | |  0.7

Action                   |  1- 3 |  4- 6 || total
-------------------------+-------+-------++-------
Melee: Hand axe          |    89 |   139 ||   228
Invok: Bend Space        |     1 |     5 ||     6
 Abil: Evoke Invisibilit |       |     2 ||     2
  Use: Potion            |     1 |     1 ||     2
       Scroll            |       |     7 ||     7
Armor: Leather armour    |    27 |    56 ||    83
Dodge: Dodged            |    69 |   116 ||   185

Table legend: (Time is in decaauts)
 A = Elapsed time spent in this place.
 B = Non-inter-level travel time spent in this place.
 C = Inter-level travel time spent in this place.
 D = Time resting spent in this place.
 E = Time spent auto-exploring this place.
 F = Levels seen in this place.
 G = Mean time per level.
                   A        B        C        D        E       F      G
               +--------+--------+--------+--------+--------+-----+--------+
         Total |   3112 |   2966 |    146 |    437 |   1744 |   6 |  518.7 |
       Dungeon |   3104 |   2958 |    146 |    437 |   1742 |   5 |  620.8 |
         Abyss |      8 |      8 |      0 |      0 |      2 |   1 |    8.0 |
               +--------+--------+--------+--------+--------+-----+--------+

Top non-repeatable levels by time:
     D:4: 1347 daAuts
     D:1: 973 daAuts
     D:2: 347 daAuts
     D:3: 252 daAuts
     D:5: 183 daAuts
 Abyss:1: 8 daAuts
